 Dungeon Crawl Stone Soup version bcrawl-1.37.2 (webtiles) character file.

Game seed: 9438356817607987612

167186 Mehrunes the Firebug (level 7, 0/46 HPs)
             Began as a Mummy Fire Elementalist on Nov 1, 2022.
             Killed from afar by Blork the orc (16 damage)
             ... with a puff of flame
             ... on level 4 of the Dungeon.
             The game lasted 00:09:02 (5051 turns).

Mehrunes the Firebug (Mummy Fire Elementalist)      Turns: 5051, Time: 00:09:03

Health: 0/46       AC:  2    Str: 11    XL:     7   Next: 25%
Magic:  4/13       EV: 12    Int: 16    God:
Gold:   266        SH:  0    Dex: 13    Spells: 6/14 levels left

rFire    x . .     GDR:     25% l - +0 fustibalus
rCold    + . .     SeeInvis .   (no shield)
rNeg     + + +     Gourm    .   a - +0 robe
rPois    ∞         Faith    .   (no helmet)
rElec    .         Spirit   .   (no cloak)
rCorr    .         Reflect  .   (no gloves)
MR       .....     Clarity  +   (no boots)
Stlth    ++........             (no amulet)
HPRegen  0.17/turn              (no ring)
MPRegen  0.13/turn              (no ring)

@: about to teleport
A: no food or potions, fire vulnerability, clarity, cold resistance 1, negative
energy resistance 3, torment resistance, unbreathing, strong hexes 1
a: no special abilities


You were on level 4 of the Dungeon.
You were not hungry.

You visited 1 branch of the dungeon, and saw 4 of its levels.
You also visited: Sewer.

You collected 266 gold pieces.

Inventory:

Hand Weapons
 h - a +0 blowgun
 l - a +0 fustibalus (weapon)
Missiles
 d - 1021 stones
 k - 3 poisoned needles
 m - 245 sling bullets (quivered)
Armour
 a - a +0 robe (worn)
 n - a +0 helmet
Wands
 c - a wand of flame (4)
Scrolls
 b - 2 scrolls of teleportation
 e - 4 scrolls of amnesia
 f - a scroll of enchant weapon
 g - 2 scrolls of fear
 i - 2 scrolls of identify
 j - 2 scrolls of blinking


   Skills:
 - Level 1.5 Dodging
 - Level 2.1 Stealth
 - Level 4.0 Spellcasting
 + Level 4.3 Conjurations
 + Level 5.0 Fire Magic


You had 6 spell levels left.
You knew the following spells:

 Your Spells              Type           Power        Failure   Level  Hunger
a - Flame Tongue          Conj/Fire      ###..        2%          1    N/A
b - Conjure Flame         Conj/Fire      ###.....     8%          3    N/A
c - Sticky Flame          Conj/Fire      ###.....     24%         4    N/A

Your spell library contained the following spells:

 Spells                   Type           Power        Failure   Level  Hunger
 Flaming Arrows           Chrm/Fire      ##......     9%          2    N/A
 Inner Flame              Hex/Fire       N/A          19%         3    N/A
 Fireball                 Conj/Fire      ###.......   56%         5    N/A

Dungeon Overview and Level Annotations

Branches:
Dungeon (4/12)
 Temple: D:4-7

Altars:
Lugonu
Okawaru
Qazlal

Annotations:
D:4 Blork the orc


Innate Abilities, Weirdness & Mutations

You do not eat or drink.
Your flesh is vulnerable to fire.
You are immune to poison.
You possess an exceptional clarity of mind.
Your flesh is cold resistant. (rC+)
You are immune to negative energy. (rN+++)
You are immune to unholy pain and torment.
You can survive without breathing.
Your hexes are more powerful.


Message History

The magic dart hits you.
As you read the scroll of teleportation, it crumbles to dust.
You feel strangely unstable.
Your surroundings suddenly seem different.
You start resting.
Blork the orc is too close now for your liking.
As you read the scroll of teleportation, it crumbles to dust.
You feel strangely unstable.
Blork the orc screams, "I'll crush all your ribs!
One by one!"
Blork the orc points at you and mumbles some strange words.
The magic dart hits you!
Your surroundings seem slightly different.
As you read the scroll of teleportation, it crumbles to dust.
You feel strangely unstable.
The hound pauses to sniff the ground.
Blork the orc gestures at you while chanting.
The puff of flame misses you. The hound bites you.
Blork the orc gestures at you while chanting.
The fire burns you terribly! The puff of flame hits you!
You die...

#....#
#.......>...........
######
#..........#####.###
##########.......#
########'#########
#..........# #.
#..........# #.
#..........# #.
#.h.o....!.# #.
#@....÷....######.
#..........##...##
#..........##...#
#..........##..###
#..........##.....
########'####..#..
#.# #..... #.#
#..#.. #.# #.....


You could see Blork the orc and a hound.

Vanquished Creatures
  An orc priest (D:3)
  5 crimson imps
  4 hounds
  2 orc wizards (D:4)
  A worker ant (D:4)
  An iguana (D:4)
  2 gnolls
  7 adders
  2 oozes
  3 adder skeletons (D:4)
  2 worms (D:2)
  A dart slug (D:3)
  5 leopard geckos
  10 orcs
  A ball python (D:1)
  6 giant cockroaches
  A goblin (D:1)
  9 hobgoblins
  4 jackals (Sewer)
  3 kobolds
  3 quokkas
  11 bats
  7 frilled lizards
  A jackal skeleton (D:4)
  3 rats
95 creatures vanquished.

Notes
Turn   | Place    | Note
-------+----------+-------------------------------------------
     0 | D:1      | Mehrunes the Mummy Fire Elementalist began the quest for
                  | the Orb.
     0 | D:1      | Reached XP level 1. HP: 13/13 MP: 4/4
    32 | D:1      | Reached skill level 1 in Conjurations
   165 | D:1      | Reached XP level 2. HP: 19/19 MP: 4/6
  1077 | D:2      | Found a corrupted altar of Lugonu.
  1124 | D:2      | Reached XP level 3. HP: 23/24 MP: 4/7
  1260 | D:2      | Learned a level 3 spell: Conjure Flame
  1780 | D:2      | Reached skill level 3 in Fire Magic
  1931 | D:3      | Noticed a fire elemental
  2005 | D:3      | Reached XP level 4. HP: 21/30 MP: 0/9
  2107 | D:3      | Found a blossoming altar of Fedhas.
  2150 | D:3      | Found a glowing drain.
  2215 | Sewer    | Entered a sewer
  2641 | D:3      | Learned a level 4 spell: Sticky Flame
  2700 | D:3      | Reached XP level 5. HP: 16/35 MP: 6/11
  2958 | D:3      | Found a stormy altar of Qazlal.
  2961 | D:3      | Noticed an air elemental
  2961 | D:3      | Noticed a water elemental
  3558 | D:4      | Reached skill level 4 in Fire Magic
  3558 | D:4      | Reached XP level 6. HP: 40/41 MP: 8/12
  4599 | D:4      | Reached XP level 7. HP: 46/46 MP: 11/13
  4955 | D:4      | Found an iron altar of Okawaru.
  4958 | D:4      | Reached skill level 5 in Fire Magic
  5017 | D:4      | Noticed Blork the orc
  5051 | D:4      | Killed from afar by Blork the orc

Skill      XL: |  1  2  3  4  5  6  7 |
---------------+----------------------+-----
Conjurations   | 1 2 3 4 |  4.3
Spellcasting   | 3 4 |  4.0
Fire Magic     | 3 4 5 |  5.0
Dodging        | |  1.5
Stealth        | |  2.1

Action                   |  1- 3 |  4- 6 |  7- 9 || total
-------------------------+-------+-------+-------++-------
Melee: Unarmed           |       |     1 |       ||     1
 Fire: Blowgun           |       |    16 |       ||    16
       Fustibalus        |       |    97 |       ||    97
 Cast: Flame Tongue      |    74 |    91 |    43 ||   208
       Conjure Flame     |       |       |     2 ||     2
  Use: Scroll            |     4 |     1 |     3 ||     8
Armor: Robe              |     8 |    30 |       ||    38
Dodge: Dodged            |    20 |   107 |    13 ||   140
